 Dungeon Crawl Stone Soup version 0.26.0-45-g9c1d065592 (webtiles) character file.

Game seed: 14104326211307741758

(classic levelgen) 112 thiole the Magician (level 4, 0/29 HPs)
             Began as an Octopode Hedge Wizard on Jan 29, 2021.
             Slain by an orc wizard
             ... wielding a cursed -1 dagger
              (4 damage)
             ... on level 4 of the Dungeon.
             The game lasted 00:04:18 (3192 turns).

thiole the Magician (Octopode Hedge Wizard)         Turns: 3192, Time: 00:04:18

Health: 0/29       AC:  1    Str:  9    XL:     4   Next: 95%
Magic:  3/8        EV: 13    Int: 17    God:
Gold:   78         SH:  0    Dex: 11    Spells: 1/9 levels left

rFire    . . .     SeeInvis .   l - staff of cold
rCold    + . .     Faith    .   (no shield)
rNeg     . . .     Spirit   .   b - +0 hat
rPois    .         Reflect  .   (no amulet)
rElec    .         Harm     .   (no ring)
rCorr    .         Rampage  .   (no ring)
Will     .....                  (no ring)
Stlth    +++.......             (no ring)
HPRegen  0.09/turn              (no ring)
MPRegen  0.11/turn              (no ring)
                                (no ring)
                                (no ring)

@: invisible
A: almost no armour, stealthy swim, amphibious, 8 rings, constrict 8, camouflage
1, gelatinous body 1
a: no special abilities


You were on level 4 of the Dungeon.
You visited 1 branch of the dungeon, and saw 4 of its levels.

You collected 78 gold pieces.

Inventory:

Hand Weapons
 a - a +0 dagger
Missiles
 h - 58 sling bullets
 i - 114 stones
 s - 31 poisoned darts
Armour
 b - a +0 hat (worn)
Magical Staves
 l - an uncursed staff of cold (weapon)
Jewellery
 d - a +6 ring of intelligence {unknown}
 p - an uncursed ring of fire {unknown}
Wands
 v - a wand of polymorph (5)
Scrolls
 c - 2 scrolls of fog {unknown}
 e - 4 scrolls of magic mapping {unknown}
 j - a scroll of enchant weapon {unknown}
 k - a scroll of immolation {unknown}
 m - 3 scrolls of remove curse {unknown}
 q - a scroll of enchant armour {unknown}
 x - a scroll of teleportation {unknown}
Potions
 n - a potion of resistance {unknown}
 o - a potion of lignification {unknown}
 r - a potion of attraction {unknown}
 t - a potion of haste {unknown}
 u - a potion of magic {unknown}
 w - a potion of degeneration {unknown}


   Skills:
 - Level 2.0 Fighting
 - Level 2.0 Dodging
 - Level 2.6 Stealth
 - Level 3.0 Spellcasting
 - Level 3.0 Conjurations
 - Level 1.0 Summonings
 - Level 1.0 Translocations
 + Level 2.3 Air Magic


You had one spell level left.
You knew the following spells:

 Your Spells              Type           Power        Failure   Level
a - Magic Dart            Conj           48%          4%          1
b - Call Imp              Summ           5%           17%         2
c - Blink                 Tloc           N/A          17%         2
d - Mephitic Cloud        Conj/Pois/Air  8%           26%         3

Your spell library contained the following spells:

 Spells                   Type           Power        Failure   Level
 Slow                     Hex            2%           26%         2
 Conjure Flame            Conj/Fire      7%           28%         3


Dungeon Overview and Level Annotations

Branches:
Dungeon (4/15)
 Temple: D:4-7

Altars:


Innate Abilities, Weirdness & Mutations

You cannot wear most types of armour.
You are very stealthy in the water. (Stealth+)
You are amphibious.
You can wear up to eight rings at the same time.
You can use your tentacles to constrict eight enemies at once.
Your skin changes colour to match your surroundings (Stealth+).
Your rubbery body absorbs attacks. (AC +1, EV +1)


Message History

You bump into the rock wall.
You hear some strange, mumbled words.
A magic dart appears from out of thin air!
The magic dart hits you.
It was a potion of cancellation.
Your magical effects are unravelling.
You feel magically purged.
You feel less confused.
You hear some strange, mumbled words.
A puff of flame appears from out of thin air!
The puff of flame hits you.
* * * LOW HITPOINT WARNING * * *
Hit: l) staff of cold
Press: ? - help, Dir - move target You closely miss something.
Something hits you.
* * * LOW HITPOINT WARNING * * *
It was a potion of invisibility.
You fade into invisibility!
Something hits you.
You die...

...##o###
..##...#
..####.#
#.##.).#
#.##[###
#.##.###.###
#B..Bh......
#.##{###....
##<##@# ..
#...#.#
#...#.#
#...#.#
#...#.#
##..#.#
#..#.#
#..#.# #..#


You could see a hound and a worker ant.

Vanquished Creatures
  An orc wizard (D:3)
  An adder (D:3)
  An ooze (D:1)
  A worm (D:2)
  2 dart slugs (D:1)
  5 orcs (D:3)
  8 bats
  7 goblins
  7 hobgoblins
  2 quokkas (D:3)
  4 frilled lizards
  9 kobolds
  10 rats
58 creatures vanquished.

Vanquished Creatures (collateral kills)
  2 orcs (D:4)
2 creatures vanquished.

Grand Total: 60 creatures vanquished

Notes
Turn   | Place    | Note
-------+----------+-------------------------------------------
     0 | D:1      | thiole the Octopode Hedge Wizard began the quest for the
                  | Orb.
     0 | D:1      | Reached XP level 1. HP: 11/11 MP: 4/4
   143 | D:1      | Reached XP level 2. HP: 15/17 MP: 0/6
   785 | D:1      | Reached XP level 3. HP: 21/21 MP: 5/7
  1463 | D:2      | Reached skill level 1 in Fighting
  1502 | D:2      | Learned a level 2 spell: Call Imp
  1505 | D:2      | Learned a level 2 spell: Blink
  1509 | D:2      | Learned a level 3 spell: Mephitic Cloud
  2228 | D:3      | Reached skill level 1 in Air Magic
  2228 | D:3      | Reached XP level 4. HP: 19/29 MP: 1/8
  3192 | D:4      | Slain by an orc wizard

Illustrated notes

Levels and vault maps discovered:
D:1:      dpeg_arrival_pits, layout_rooms, minmay_tall_x
D:2:      layout_basic
D:3:      layout_basic
D:4:      layout_basic, uniq_ijyb

Skill      XL: |  1  2  3  4 |
---------------+-------------+-----
Conjurations   | 2 3 |  3.0
Fighting       | 2 |  2.0
Air Magic      | 1 2 |  2.3
Dodging        | |  2.0
Stealth        | |  2.6
Spellcasting   | |  3.0
Summonings     | |  1.0
Translocations | |  1.0

Action                   |  1- 3 |  4- 6 || total
-------------------------+-------+-------++-------
Melee: Dagger            |    20 |       ||    20
       Constrict         |     8 |     4 ||    12
       Tentacles         |     3 |     4 ||     7
       Staff             |     7 |    18 ||    25
 Cast: Magic Dart        |    90 |    38 ||   128
       Call Imp          |       |     3 ||     3
  Use: Potion            |       |     2 ||     2
Armor: Skin              |     8 |       ||     8
Dodge: Dodged            |    13 |    11 ||    24
